 Dungeon Crawl Stone Soup version 0.27.1-33-g824d729ab1 (webtiles) character file.

Game seed: 295112436424159414

8407 zeram the Eclecticist (level 11, -3/54 HPs)
             Began as a Deep Elf Conjurer on Dec 2, 2021.
             Was an Initiate of Gozag.
             Killed by vampiric draining
             ... invoked by a vampire
              (9 damage)
             ... on level 10 of the Dungeon.
             The game lasted 00:25:16 (11300 turns).

zeram the Eclecticist (Deep Elf Conjurer)          Turns: 11300, Time: 00:25:17

Health: -3/54      AC:  9    Str:  4    XL:     11   Next: 9%
Magic:  12/41      EV: 18    Int: 27    God:    Gozag
Gold:   1208       SH:  5    Dex: 13    Spells: 30/40 levels left

rFire    . . .     SeeInvis .   y - +0 trident (vamp)
rCold    . . .     Faith    .   (no shield)
rNeg     . . .     Spirit   .   a - +1 robe
rPois    .         Reflect  +   (no helmet)
rElec    .         Harm     .   (no cloak)
rCorr    .         Rampage  .   z - +0 pair of gloves
Will     +....                  x - +0 pair of boots
Stlth    ++........             k - amulet of reflection
HPRegen  0.18/turn              m - +4 ring of protection
MPRegen  0.27/turn              v - ring of magical power

@: no status effects
A: no striking features
a: Renounce Religion, Potion Petition, Call Merchant, Bribe Branch


You were on level 10 of the Dungeon.
You worshipped Gozag.
Gozag was most pleased with you.
You visited 2 branches of the dungeon, and saw 11 of its levels.

You collected 1273 gold pieces.
You paid 65 gold pieces to Gozag.

Inventory:

Hand Weapons
 f - a +0 vorpal dagger
 q - a +2 whip of flaming
 y - a +0 vampiric trident (weapon)
Missiles
 t - 67 poisoned darts (quivered)
Armour
 a - a +1 robe (worn)
 x - a +0 pair of boots (worn)
 z - a +0 pair of gloves (worn)
 F - a +0 cloak
Jewellery
 d - an amulet of guardian spirit
 k - an amulet of reflection (around neck)
 m - a +4 ring of protection (left hand)
 v - a ring of magical power (right hand)
 A - a ring of protection from fire
Wands
 g - a wand of acid (22)
 r - a wand of mindburst (14)
 w - a wand of flame (45)
 D - a wand of paralysis (5)
Scrolls
 i - 3 scrolls of silence
 n - a scroll of magic mapping
 o - a scroll of teleportation
 B - a scroll of amnesia
 E - 2 scrolls of brand weapon
Potions
 b - 3 potions of haste
 c - 2 potions of might
 j - 3 potions of flight
 l - 2 potions of attraction
 p - a potion of resistance
 s - a potion of lignification
 u - a potion of magic
 C - 2 potions of ambrosia


   Skills:
 - Level 1.2 Short Blades
 + Level 13.7 Dodging
 - Level 2.4 Stealth
 - Level 0.7 Shields
 + Level 15.4 Spellcasting
 - Level 4.3 Conjurations


You had 30 spell levels left.
You knew the following spells:

 Your Spells              Type           Power      Damage    Failure   Level
a - Magic Dart            Conj           100%       1d8       1%          1
b - Searing Ray           Conj           88%        3d6       1%          2
c - Dazzling Flash        Conj/Hex       64%        N/A       3%          3
d - Iskenderun's Mystic   Conj/Tloc      32%        2d8       10%         4

Your spell library contained the following spells:

 Spells                   Type           Power      Damage    Failure   Level
 Freeze                   Ice            80%        1d9       2%          1
 Conjure Flame            Conj/Fire      32%        6-21      3%          3
 Frozen Ramparts          Ice            40%        1d6       8%          3
 Gell's Gravitas          Tloc           10%        N/A       8%          3
 Ignite Poison            Fire/Tmut/Pois 20%        N/A       8%          3
 Lesser Beckoning         Tloc           10%        N/A       8%          3
 Teleport Other           Tloc           20%        N/A       8%          3
 Fulminant Prism          Conj/Hex       16%        3d11      10%         4
 Hailstorm                Conj/Ice       32%        3d8       10%         4
 Sticky Flame             Conj/Fire      32%        2d5       10%         4
 Animate Dead             Necr           10%        N/A       24%         4
 Haunt                    Necr/Summ      10%        N/A       100%        7
 Infestation              Necr           10%        N/A       100%        8


Dungeon Overview and Level Annotations

Branches:
Dungeon (10/15)            Temple (1/1) D:5            Lair (0/6) D:10
    Orc (0/2) D:10

Altars:
Ashenzari
Cheibriados
Dithmenos
Elyvilon
Fedhas
Gozag
Hepliaklqana
Kikubaaqudgha
Makhleb
Nemelex Xobeh
Okawaru
Qazlal
Ru
Sif Muna
Trog
Uskayaw
Vehumet
Wu Jian
Xom
Yredelemnul
Zin
The Shining One
Jiyva

Shops:
D:3 [   D:7 [


Message History

You feel strangely unstable.
You feel better.
Your surroundings suddenly seem different.
You start resting.
A vampire comes into view.
Casting: Searing Ray (safe; 1% risk of failure)
Confirm with . or Enter, or press ? or * to list all spells.
Aiming: Searing Ray (safe; 1% risk of failure)
Press: ? - help, Shift-Dir - straight line, f - vampire
Aim: a vampire (82% to hit)
The searing ray hits the vampire.
The vampire is lightly damaged. (Press . to maintain the ray.)
The vampire casts a spell at you.
You easily resist.
The searing ray hits the vampire.
The vampire is lightly damaged.
The vampire mumbles some strange words.
The vampire flickers and vanishes!
Deactivating autopickup; reactivate with Ctrl-A.
Unknown command.
The searing ray hits something.
Something hits you but does no damage. Something bites you.
Something draws strength from your injuries!
Unknown command.
The searing ray hits something!
You finish channeling your searing ray.
Something draws life force from you!
* * * LOW HITPOINT WARNING * * *
Unknown command.
Casting: Searing Ray (safe; 1% risk of failure)
Confirm with . or Enter, or press ? or * to list all spells.
You can't see any susceptible monsters within range! (Use Z to cast anyway.)
Casting: Searing Ray (safe; 1% risk of failure)
Confirm with . or Enter, or press ? or * to list all spells.
Aiming: Searing Ray (safe; 1% risk of failure)
Press: ? - help, Shift-Dir - straight line (Press . to maintain the ray.)
Something draws life force from you!
You die...
Your body crumbles into a pile of gold.

####
##...###
.....#.##
........#
#.{@##
#.##....###
#.........#
#........##
#.......###
...#.....##
#. #..##..
# #.. #...
..# ##..


There were no monsters in sight!

Vanquished Creatures
  Josephine (D:10)
  2 two-headed ogres
  Pikel (D:6)
  An elephant (D:10)
  A komodo dragon (D:10)
  Eustachio (D:5)
  4 yaks
  A wyvern (D:9)
  2 basilisks (D:10)
  5 wraiths (D:10)
  2 vampire mosquitoes
  Menkaure (D:6)
  2 acid dragons (D:9)
  2 water moccasins
  2 orc warriors
  A hornet zombie (D:8)
  A sky beast (D:5)
  An ice beast (D:7)
  2 ogres
  A centaur (D:8)
  A phantom (D:7)
  2 lemures (D:6)
  A kobold brigand (D:9)
  2 gnoll sergeants
  4 scorpions
  A bullfrog (D:7)
  5 killer bees (D:10)
  3 howler monkeys (D:7)
  A crimson imp (D:7)
  3 centaur zombies
  6 hounds
  2 jellies (D:6)
  3 orc priests
  A bullfrog skeleton (D:6)
  An iguana (D:5)
  9 orc wizards
  A hound skeleton (D:5)
  13 gnolls
  2 howler monkey skeletons (D:7)
  10 adders
  A shadow imp (D:8)
  A white imp (D:6)
  2 ufetubi
  3 worms
  A dart slug (D:4)
  20 orcs
  6 ball pythons
  6 endoplasms
  5 giant cockroaches
  11 goblins
  5 hobgoblins
  6 jackals
  3 quokkas
  3 bats (D:2)
  2 frilled lizards
  14 kobolds
  2 rats
196 creatures vanquished.

Vanquished Creatures (others)
  4 fungi (D:10)
  A plant (D:10)
5 creatures vanquished.

Grand Total: 201 creatures vanquished

Notes
Turn   | Place    | Note
-------+----------+-------------------------------------------
     0 | D:1      | zeram the Deep Elf Conjurer began the quest for the Orb.
     0 | D:1      | Reached XP level 1. HP: 10/10 MP: 6/6
   227 | D:1      | Found a faded altar of an unknown god.
   414 | D:1      | Reached XP level 2. HP: 15/15 MP: 4/8
   668 | D:1      | Learned a level 2 spell: Searing Ray
   677 | D:2      | Reached skill level 4 in Spellcasting
   778 | D:2      | Reached XP level 3. HP: 19/19 MP: 8/10
  1548 | D:2      | Reached skill level 5 in Spellcasting
  1548 | D:2      | Reached XP level 4. HP: 20/24 MP: 9/13
  1552 | D:2      | Learned a level 3 spell: Dazzling Flash
  1768 | D:2      | Learned a level 4 spell: Iskenderun's Mystic Blast
  1835 | D:2      | Noticed a scorpion
  1840 | D:2      | Killed a scorpion
  1841 | D:2      | Reached skill level 6 in Spellcasting
  1841 | D:2      | Reached XP level 5. HP: 28/28 MP: 8/15
  2326 | D:3      | Found Utzagurr's Antique Armour Shoppe.
  2571 | D:3      | Found a broken altar of Ashenzari.
  2574 | D:3      | Found a blossoming altar of Fedhas.
  2577 | D:3      | Found a white marble altar of Elyvilon.
  2580 | D:3      | Found a sparkling altar of Nemelex Xobeh.
  2983 | D:4      | Reached skill level 5 in Dodging
  3310 | D:4      | Noticed an ogre
  3318 | D:4      | Killed an ogre
  3319 | D:4      | Reached skill level 7 in Spellcasting
  3319 | D:4      | Reached XP level 6. HP: 32/32 MP: 13/18
  3912 | D:5      | Entered Level 5 of the Dungeon
  3967 | D:5      | Reached skill level 1 in Short Blades
  4007 | D:5      | Found a staircase to the Ecumenical Temple.
  4013 | D:5      | Reached XP level 7. HP: 36/36 MP: 16/20
  4276 | Temple   | Entered the Ecumenical Temple
  4396 | Temple   | Became a worshipper of Gozag Ym Sagoz the Greedy
  4443 | D:5      | Noticed Eustachio
  4462 | D:5      | Killed Eustachio
  4463 | D:5      | Reached skill level 8 in Spellcasting
  4795 | D:5      | Reached skill level 9 in Spellcasting
  5111 | D:5      | Reached XP level 8. HP: 41/41 MP: 16/23
  5329 | D:5      | Reached skill level 10 in Spellcasting
  5819 | D:6      | Noticed Pikel
  5823 | D:6      | Killed Pikel
  5824 | D:6      | Reached skill level 11 in Spellcasting
  6254 | D:6      | Noticed a +0 spear
  6254 | D:6      | Noticed a +0 dagger
  6256 | D:6      | Noticed a +0 short sword
  6257 | D:6      | Noticed a +0 dagger
  6296 | D:6      | Found a hide-covered altar of Uskayaw.
  6296 | D:6      | Noticed a +0 spear
  6296 | D:6      | Noticed a +0 falchion
  6298 | D:6      | Noticed a +0 falchion
  6300 | D:6      | Noticed a +0 short sword
  6415 | D:6      | Found an iron altar of Okawaru.
  6565 | D:6      | Found an ornate altar of the Wu Jian Council.
  6565 | D:6      | Found an ancient bone altar of Kikubaaqudgha.
  6565 | D:6      | Noticed Menkaure
  6572 | D:6      | Killed Menkaure
  6573 | D:6      | Reached XP level 9. HP: 41/45 MP: 17/26
  6717 | D:6      | Found a shimmering blue altar of Sif Muna.
  7019 | D:7      | Reached skill level 10 in Dodging
  7205 | D:7      | Reached skill level 12 in Spellcasting
  7520 | D:7      | Found Nuvuilut's Antique Armour Shoppe.
  7578 | D:7      | Found a shimmering altar of Xom.
  7578 | D:7      | Found a burning altar of Makhleb.
  8373 | D:8      | Noticed a two-headed ogre
  8381 | D:8      | Killed a two-headed ogre
  8382 | D:8      | Reached skill level 13 in Spellcasting
  9283 | D:9      | Reached XP level 10. HP: 47/50 MP: 29/29
  9730 | D:9      | Noticed a two-headed ogre
  9738 | D:9      | HP: 1/50 [two-headed ogre (5)]
  9744 | D:9      | Killed a two-headed ogre
  9745 | D:9      | Reached skill level 14 in Spellcasting
 10343 | D:10     | Entered Level 10 of the Dungeon
 10508 | D:10     | Noticed an elephant
 10524 | D:10     | Killed an elephant
 10644 | D:10     | Found a staircase to the Orcish Mines.
 10668 | D:10     | Found a staircase to the Lair.
 10770 | D:10     | Noticed Josephine
 10962 | D:10     | Reached skill level 15 in Spellcasting
 11284 | D:10     | Killed Josephine
 11285 | D:10     | Reached XP level 11. HP: 9/54 MP: 22/32
 11300 | D:10     | Killed from afar by a vampire

Illustrated notes

Levels and vault maps discovered:
D:1:      dpeg_arrival_rhombus, layout_rooms, basic_ecumenical_altar,
          minmay_misc_feat_rows, minmay_misc_feat_room
D:2:      minmay_wonky_spiral, layout_basic, kennysheep_generic_room_4
D:3:      kb_forest_paths, layout_rooms, grunt_temple_overflow_cloverleaf,
          serial_shops, shop
D:4:      layout_loops_ring
D:5:      layout_loops_ring, minmay_temple_entry_junction, kennysheep_diamond,
          uniq_eustachio
D:6:      layout_loops_ring, nicolae_sif_muna_little_library,
          okawaru_altar_gauntlet_db, nicolae_uskayaw_en_pointe,
          gammafunk_temple_overflow_pools, kennysheep_small_spiral,
          uniq_menkaure, uniq_pikel
D:7:      layout_loops_ring, grunt_temple_overflow_champion_of_chaos,
          serial_shops, shop
D:8:      layout_basic
D:9:      layout_small_grid
D:10:     layout_cave_pools, david_lair_generic, orc_0_dummy, serial_shops,
          nicolae_lakefront_shop, fungi_pond_lemuel, uniq_josephine, uniq_fannar
Temple:   pf_slimified_temple

Skill      XL: |  1  2  3  4  5  6  7  8  9 10 |
---------------+-------------------------------+-----
Dodging        | 3 4 5 7 9 11 13 | 13.7
Spellcasting   | 4 5 6 7 9 11 13 15 | 15.4
Short Blades   | 1 |  1.2
Stealth        | |  2.4
Shields        | |  0.7
Conjurations   | |  4.3

Action                   |  1- 3 |  4- 6 |  7- 9 | 10-12 || total
-------------------------+-------+-------+-------+-------++-------
Melee: Dagger            |    14 |    62 |   113 |    10 ||   199
 Cast: Magic Dart        |    46 |    44 |    23 |    28 ||   141
       Searing Ray       |     5 |    16 |    58 |    47 ||   126
       Dazzling Flash    |       |       |       |     2 ||     2
  Use: Scroll            |     2 |     9 |     8 |     4 ||    23
       Potion            |       |       |       |     6 ||     6
 Stab: Sleeping          |       |     2 |     1 |       ||     3
       Invisible         |       |       |       |     1 ||     1
Armor: Robe              |     3 |    23 |    60 |    31 ||   117
Dodge: Dodged            |    12 |    59 |   129 |    99 ||   299
Block: Other             |       |    16 |    41 |    25 ||    82
       Reflection        |       |       |     3 |       ||     3
